 Dungeon Crawl Stone Soup version 0.28-a0-653-g7e9dba17c3 (webtiles) character file.

Game seed: 4390027803733341237

65 meatgazer the Distorting Demonspawn (level 3, 0/29 HPs)
             Began as a Demonspawn Abyssal Knight on Oct 11, 2021.
             Was a Believer of Lugonu.
             Slain by an iguana (5 damage)
             ... on level 3 of the Dungeon.
             The game lasted 00:04:35 (3103 turns).

meatgazer the Distorting Demonspawn (DsAK)          Turns: 3103, Time: 00:04:36

Health: 0/29       AC:  3    Str: 11 (14) XL:     3   Next: 94%
Magic:  1/6        EV: 11    Int: 10 (11) God:    Lugonu [**....]
Gold:   154        SH:  0    Dex: 12 (13) Spells: 2/2 levels left

rFire   . . .      SeeInvis .   d - +0 demon trident
rCold   . . .      Faith    .   (no shield)
rNeg    . . .      Spirit   .   b - +0 leather armour
rPois   .          Reflect  .   (no helmet)
rElec   .          Harm     .   (no cloak)
rCorr   .          Rampage  .   (no gloves)
Will    .....      Rage     3%  (no boots)
Stlth   +.........              (no amulet)
HPRegen 0.09/turn               (no ring)
MPRegen 0.10/turn               (no ring)

@: unable to read
A: claws 1, subdued magic 1, inability to read while threatened, MP-powered
wands, [berserk 2]
a: Renounce Religion, Depart the Abyss, Bend Space


You were on level 3 of the Dungeon.
You worshipped Lugonu.
Lugonu was pleased with you.
You visited 1 branch of the dungeon, and saw 3 of its levels.
You visited the Abyss 1 time.

You collected 154 gold pieces.

Inventory:

Hand Weapons
 a - a +1 spear
 d - a +0 demon trident (weapon)
Armour
 b - a +0 leather armour (worn)
Jewellery
 e - an amulet of the acrobat
 f - an amulet of guardian spirit
 g - a ring of magical power
Wands
 c - a wand of charming (2)
Scrolls
 k - a scroll of magic mapping


   Skills:
 + Level 3.5 Fighting
 + Level 2.4 Polearms
 - Level 1.7 Armour
 - Level 0.8 Dodging
 * Level 4.2 Invocations


You had 2 spell levels left.
You didn't know any spells.
Your spell library contained the following spells:

 Spells                   Type           Power      Damage    Failure   Level
 Shock                    Conj/Air       0%         1d3       41%         1
 Blink                    Tloc           N/A        N/A       54%         2
 Lesser Beckoning         Tloc           0%         N/A       80%         3
 Swiftness                Air            0%         N/A       80%         3
 Airstrike                Air            0%         N/A       99%         4
 Manifold Assault         Tloc           0%         N/A       100%        5


Dungeon Overview and Level Annotations

Branches:
Dungeon (3/15)

Altars:

Shops:
D:1 (


Innate Abilities, Weirdness & Mutations

You have sharp fingernails.
Your spells are a little easier to cast, but a little less powerful.
You sometimes lose the ability to read scrolls when taking damage.
You expend magic power (3 MP) to strengthen your wands.
[You often lose your temper in combat.]


Message History

You can read scrolls again.
The jackal bites you but does no damage.
You closely miss the jackal.
The jackal is almost dead.
The jackal barely misses you. x2
You closely miss the jackal.
The jackal is almost dead.
The jackal barely misses you.
You hit the jackal but do no damage.
The jackal is almost dead.
The jackal closely misses you. The jackal bites you.
You feel threatened and lose the ability to read scrolls!
You barely miss the jackal.
The jackal is almost dead.
You can read scrolls again.
The jackal closely misses you.
The jackal bites you but does no damage.
You completely miss the jackal.
The jackal is almost dead.
The jackal closely misses you.
You barely miss the jackal.
The jackal is almost dead.
The jackal closely misses you. The jackal barely misses you.
You closely miss the jackal.
The jackal is almost dead.
The jackal bites you but does no damage.
The jackal bites you.
* * * LOW HITPOINT WARNING * * *
You puncture the jackal!
You kill the jackal!
Lugonu accepts your kill.
You start putting on your amulet.
You continue putting on your amulet of guardian spirit.
The iguana bites you.
Keep equipping yourself?
* * * LOW HITPOINT WARNING * * *
You continue putting on your amulet of guardian spirit.
The iguana bites you.
You feel threatened and lose the ability to read scrolls!
You die...

###..######*,,#.###.### #.##...^
..,.....>.,,,*#.# #..#####.##....
..,.......#####.# ##.............
..,..[..........####........#....
*,,.......#....###..........#....
*,,.......h.l#....(.........#####
*,,......!..l.......#.......#
*,,##.......#.#######.....[.#
,,*....######hll@.# #.......#
,,,..#** #####.###.##.#### ,**#**
#..##.##.#### ,,,******
##....##....# **,,,,,,***
####.......# *******,,,*
##......# ***,* ###....#
*,******** #....# *,,,,,,,,***
*#.####


You could see an iguana, a jackal and a frilled lizard.

Vanquished Creatures
  2 adders (D:2)
  An orc (D:3)
  3 endoplasms
  2 giant cockroaches
  2 hobgoblins (D:1)
  2 jackals (D:3)
  A quokka (D:3)
  7 ball pythons
  4 bats
  13 frilled lizards
  4 goblins (D:1)
  5 kobolds
  3 rats (D:1)
49 creatures vanquished.

Vanquished Creatures (others)
  2 plants (D:3)
2 creatures vanquished.

Grand Total: 51 creatures vanquished

Notes
Turn   | Place    | Note
-------+----------+-------------------------------------------
     0 | Abyss:1  | meatgazer the Demonspawn Abyssal Knight began the quest for
                  | the Orb.
     0 | Abyss:1  | Reached XP level 1. HP: 18/18 MP: 2/2
    13 | Abyss:2  | Found a corrupted altar of Lugonu.
    40 | Abyss:2  | Noticed a wretched star
    53 | D:1      | Escaped the Abyss
   405 | D:1      | Reached * piety under Lugonu
   454 | D:1      | Reached skill level 3 in Invocations
   594 | D:1      | Gained mutation: You have sharp fingernails. [demonic
                  | ancestry]
   594 | D:1      | Reached XP level 2. HP: 24/24 MP: 4/4
   630 | D:1      | You fall into a shaft and drop 1 floor!
  1034 | D:1      | Found Seadigru's Weapon Boutique.
  1465 | D:1      | Found a faded altar of an unknown god.
  1565 | D:2      | Reached XP level 3. HP: 17/29 MP: 5/5
  2336 | D:2      | Reached skill level 4 in Invocations
  2876 | D:3      | Gained mutation: You sometimes lose the ability to read
                  | scrolls when taking damage. [potion of mutation]
  2876 | D:3      | Gained mutation: Your spells are a little easier to cast,
                  | but a little less powerful. [potion of mutation]
  2876 | D:3      | Gained mutation: You expend magic power (3 MP) to
                  | strengthen your wands. [potion of mutation]
  2887 | D:3      | Reached ** piety under Lugonu
  3103 | D:3      | Slain by an iguana

Illustrated notes

Levels and vault maps discovered:
D:1:      dpeg_arrival_radiant, layout_loops_ring,
          shapermc_ecumenical_altar_pompeii, serial_shops, nicolae_shop_trees,
          minmay_pentomino_v2
D:2:      layout_loops_ring, nrook_loot_triangle
D:3:      layout_rooms, minmay_lizard_king

Skill      XL: |  1  2  3 |
---------------+----------+-----
Polearms       | 2 |  2.4
Invocations    | 3 4 |  4.2
Fighting       | |  3.5
Armour         | |  1.7
Dodging        | |  0.8

Action                   || total
-------------------------++-------
Melee: Demon trident     ||   137
Invok: Depart the Abyss  ||     1
Evoke: Wand              ||     3
  Use: Scroll            ||     3
       Potion            ||     4
 Stab: Sleeping          ||     2
       Invisible         ||     1
Armor: Leather armour    ||    35
Dodge: Dodged            ||    89

Table legend: (Time is in decaauts)
 A = Elapsed time spent in this place.
 B = Non-inter-level travel time spent in this place.
 C = Inter-level travel time spent in this place.
 D = Time resting spent in this place.
 E = Time spent auto-exploring this place.
 F = Levels seen in this place.
 G = Mean time per level.
                   A        B        C        D        E       F      G
               +--------+--------+--------+--------+--------+-----+--------+
         Total |   3200 |   3144 |     56 |   1039 |   1732 |   5 |  640.0 |
       Dungeon |   3147 |   3091 |     56 |   1039 |   1707 |   3 | 1049.0 |
         Abyss |     52 |     52 |      0 |      0 |     25 |   2 |   26.0 |
               +--------+--------+--------+--------+--------+-----+--------+

Top non-repeatable levels by time:
     D:1: 1501 daAuts
     D:2: 1173 daAuts
     D:3: 472 daAuts
 Abyss:2: 42 daAuts
 Abyss:1: 10 daAuts
